Map: Central Protocol

Players

Happy - Winner!

  • Race: Terran Terran
  • League: Grandmaster

LiquidMaNa (MaNa)

  • Race: Protoss Protoss
  • League: Grandmaster

Event: 2016 WCS Winter Challenger Europe

VOD

Have the link to the VOD?

Description

Time

  • Played on: Feb. 13, 2016, 11:36 a.m.
  • Length: 12:58

All games in this series

Show
View Real Time Build Order
Export as new Build Order

Happy Terran - Winner!

Build Orders: Reaper Expand, MMM Bio 

Get SALT Encoding   

  12  0:01  SCV  
  13  0:13  SCV  
  14  0:18  Supply Depot  
  14  0:25  SCV  
  15  0:39  SCV  
  15  0:40  Barracks  
  16  0:45  Refinery  
  16  0:51  SCV  
  17  1:03  SCV  
  18  1:16  SCV  
  19  1:28  Reaper, Orbital Command  
  20  1:40  Command Center  
  20  1:46  Refinery  
  20  1:57  Supply Depot, SCV  
  20  2:00  Barracks Reactor  
  21  2:09  SCV  
  22  2:16  Factory  
  22  2:21  SCV  
  23  2:33  SCV  
  24  2:37  Marine x2  
  26  2:50  SCV  
  27  2:53  Orbital Command  
  27  2:55  Marine x2  
  29  3:00  Factory Tech Lab  
  29  3:01  Starport  
  29  3:06  SCV  
  30  3:13  Marine x2  
  30  3:19  Cyclone  
  35  3:22  SCV  
  35  3:24  SCV  
  37  3:30  Marine x2  
  37  3:31  Supply Depot  
  39  3:35  SCV  
  39  3:39  Supply Depot  
  39  3:41  SCV  
  41  3:47  SCV  
  42  3:50  Barracks  
  42  3:53  Barracks, SCV  
  43  4:00  Engineering Bay  
  43  4:01  SCV  
  44  4:05  SCV  
  45  4:13  Supply Depot, Siege Tank  
  45  4:16  Medivac  
  50  4:18  SCV  
  50  4:19  SCV  
  50  4:22  Refinery  
  52  4:30  Missile Turret, SCV  
  53  4:33  Missile Turret  
  53  4:34  SCV  
  53  4:38  Barracks Tech Lab  
  53  4:40  Barracks Tech Lab  
  53  4:43  SCV  
  53  4:45  Bunker  
  54  4:46  SCV  
  54  4:51  Siege Tank  
  58  4:55  SCV  
  58  4:59  Marine  
  60  5:01  Stimpack  
  60  5:02  Supply Depot  
  60  5:03  Combat Shields  
  60  5:06  SCV  
  61  5:07  SCV  
  61  5:13  Refinery, Marine x2  
  64  5:17  Marine  
  64  5:18  SCV  
  64  5:19  SCV  
  64  5:20  Medivac  
  64  5:21  Marine  
  70  5:30  SCV  
  70  5:31  Supply Depot, SCV  
  70  5:33  Marine x2  
  74  5:37  Siege Tank  
  74  5:39  Marine  
  78  5:44  Supply Depot  
  78  5:46  Terran Infantry Weapons Level 1  
  78  5:50  SCV  
  78  5:52  Starport Reactor  
  78  5:57  SCV  
  78  6:00  Marine  
  79  6:07  Marine x2  
  79  6:08  Marauder  
  79  6:10  Barracks  
  83  6:12  Barracks  
  83  6:14  Siege Tank  
  83  6:17  Marine  
  87  6:21  Supply Depot  
  87  6:25  Marine x2  
  89  6:35  Marine  
  89  6:36  Supply Depot  
  89  6:37  Medivac  
  93  6:41  Supply Depot  
  93  6:43  Medivac  
  93  6:46  Supply Depot, Marauder x2, Marine  
  99  6:53  Marine  
  100  6:57  Supply Depot, Factory Reactor  
  100  7:00  Barracks Reactor, Barracks Tech Lab  
  100  7:07  Command Center  
  100  7:15  Marine x2  
  99  7:16  Marauder  
  99  7:19  Marine x2  
  99  7:20  Medivac  
  107  7:24  Bunker  
  107  7:25  Medivac  
  109  7:32  Supply Depot  
  109  7:33  Marine  
  110  7:40  Terran Infantry Armor Level 1  
  110  7:44  Supply Depot  
  102  7:55  Medivac x2, Marine x2  
  102  7:56  Marauder x3, Marine  
  113  8:01  Bunker  
  113  8:07  Marine  
  113  8:09  Widow Mine  
  116  8:13  Marine x2  
  116  8:17  Marauder, Marine x3  
  116  8:18  Concussive Shells  
  123  8:21  Orbital Command  
  123  8:25  Marine  
  123  8:31  Marine  
  96  8:55  Marine x2  
  96  8:56  Marauder x2  
  102  9:04  Marine  
  102  9:05  Marauder, Widow Mine, Medivac, Marine  
  102  9:06  Widow Mine  
  112  9:12  Medivac  
  112  9:13  Marine x2  
  116  9:17  Marauder x2  
  116  9:22  Marine  
  116  9:23  Marine  
  122  9:25  Barracks  
  122  9:26  Armory, Marauder  
  122  9:31  Marine  
  117  9:35  Medivac  
  117  9:36  Marine  
  117  9:38  Marauder  
  117  9:39  Marauder  
  117  9:40  Marine  
  117  9:43  Marine  
  117  9:44  Widow Mine x2  
  124  9:48  Marauder  
  124  9:49  Marine  
  127  9:53  Orbital Command  
  127  9:55  Marine  
  127  9:57  SCV  
  127  9:58  SCV  
  132  10:00  Marauder, Marine  
  132  10:01  Marauder, Marine  
  135  10:12  Marauder, Marine  
  116  10:18  SCV  
  105  10:22  Marine x3  
  105  10:23  Marauder x2  
  105  10:28  SCV x2  
  109  10:30  SCV, Marine  
  109  10:34  Marauder  
  107  10:40  Marine x2  
  107  10:42  Marine  
  108  10:43  Medivac  
  108  10:44  Marauder  
  108  10:45  SCV x2  
  108  10:47  Marine  
  115  10:51  Barracks Tech Lab  
  115  10:55  Ghost Academy  
  115  11:02  Marine  
  115  11:03  Marauder  
  118  11:04  Medivac  
  120  11:17  Marine x2  
  120  11:18  Marauder x2  
  121  11:20  Marauder, Marine x2  
  121  11:24  Marauder  
  119  11:27  Medivac, Widow Mine  
  121  11:35  Marine x2  
  121  11:37  Engineering Bay  
  123  11:46  Marine x2  
  127  11:47  Marauder  
  127  11:52  Orbital Command  
  127  11:56  Ghost x2, Marine  
  132  12:03  Widow Mine x2  
  132  12:08  Marauder, Marine x2  
  138  12:10  Medivac x2  
  137  12:26  Marauder, Marine x2  
  137  12:28  SCV  
  149  12:52  Supply Depot  
  149  12:54  Supply Depot  
Show
View Real Time Build Order
Export as new Build Order

LiquidMaNa Protoss 

Build Orders: 1 Gate Expand 

Get SALT Encoding   

  12  0:00  Probe (Chrono Boost)  
  13  0:11  Probe (Chrono Boost)  
  14  0:17  Pylon  
  14  0:22  Probe (Chrono Boost)  
  15  0:35  Probe (Chrono Boost)  
  16  0:36  Gateway  
  16  0:45  Probe (Chrono Boost)  
  16  0:48  Assimilator  
  17  0:56  Probe (Chrono Boost)  
  18  1:16  Nexus  
  18  1:26  Cybernetics Core  
  18  1:29  Probe (Chrono Boost)  
  19  1:35  Assimilator  
  20  1:40  Probe (Chrono Boost)  
  20  1:46  Pylon  
  20  1:51  Probe (Chrono Boost)  
  21  2:01  Probe (Chrono Boost)  
  21  2:04  Adept (Chrono Boost)  
  21  2:05  Warp Gate  
  23  2:13  Probe  
  24  2:25  Probe (Chrono Boost)  
  24  2:27  Stalker (Chrono Boost)  
  24  2:29  Probe (Chrono Boost)  
  28  2:37  Probe (Chrono Boost)  
  29  2:40  Probe (Chrono Boost)  
  30  2:47  Robotics Facility  
  30  2:50  Probe (Chrono Boost)  
  30  2:51  Probe (Chrono Boost)  
  31  2:59  Stalker  
  31  3:01  Probe (Chrono Boost)  
  34  3:06  Probe (Chrono Boost)  
  34  3:12  Probe (Chrono Boost)  
  35  3:18  Probe (Chrono Boost)  
  36  3:22  Probe (Chrono Boost)  
  37  3:27  Mothership Core (Chrono Boost)  
  37  3:33  Probe (Chrono Boost)  
  40  3:35  Twilight Council  
  40  3:36  Observer (Chrono Boost), Assimilator  
  40  3:40  Stalker  
  43  3:45  Probe  
  43  3:46  Probe  
  45  3:50  Pylon  
  45  3:57  Observer (Chrono Boost)  
  46  4:04  Gateway  
  46  4:05  Gateway  
  46  4:06  Probe  
  46  4:08  Probe  
  48  4:13  Blink (Chrono Boost)  
  48  4:17  Probe  
  48  4:20  Probe  
  48  4:23  Stalker  
  52  4:27  Probe  
  52  4:30  Pylon  
  52  4:31  Observer  
  54  4:41  Assimilator  
  54  4:44  Pylon  
  54  4:47  Probe  
  54  4:48  Probe  
  54  4:52  Forge  
  56  4:57  Probe  
  57  5:00  Probe  
  58  5:08  Probe  
  58  5:10  Stalker x3  
  58  5:13  Probe  
  66  5:14  Protoss Ground Weapons Level 1 (Chrono Boost)  
  66  5:17  Pylon  
  66  5:18  Probe, Pylon  
  67  5:23  Warp Prism  
  69  5:42  Gateway x2  
  69  5:44  Probe x2, Gateway  
  69  5:49  Sentry x3  
  77  6:06  Resonating Glaives (Chrono Boost)  
  77  6:10  Pylon  
  77  6:14  Pylon  
  77  6:16  Stalker x3  
  77  6:17  Probe x2  
  85  6:23  Pylon  
  85  6:24  Pylon  
  84  6:33  Observer  
  85  6:41  Stalker x5  
  85  6:43  Stalker  
  85  6:45  Probe  
  98  6:49  Pylon  
  98  7:03  Protoss Ground Armor Level 1  
  94  7:16  Adept x5  
  94  7:17  Adept  
  106  7:28  Nexus  
  106  7:32  Pylon  
  102  7:59  Adept x3  
  102  8:00  Adept x3  
  102  8:02  Templar Archives  
  114  8:18  Pylon  
  114  8:22  Adept x4  
  114  8:23  Adept  
  110  8:38  Stalker  
  106  8:45  Psionic Storm  
  102  8:49  Stalker x5  
  102  8:51  Immortal  
  116  9:15  Stalker x4  
  124  9:17  High Templar x2  
  124  9:20  Probe x2  
  124  9:23  Assimilator  
  130  9:29  Assimilator  
  130  9:39  Protoss Ground Armor Level 2  
  130  9:50  Adept x6  
  141  9:56  Probe x2  
  115  10:21  Stalker x5  
  81  10:35  Immortal  
  81  10:42  Gateway  
  81  10:44  Adept x5, Gateway  
  81  10:45  Gateway  
  91  10:54  Sentry  
  93  11:03  Probe  
  94  11:04  Probe x2  
  94  11:08  Adept x5  
  89  11:30  High Templar  
  89  11:31  High Templar x3  
  89  11:32  Pylon  
  95  11:33  Pylon  
  95  11:40  Photon Cannon  
  93  11:47  Stalker x3  
  93  11:48  Stalker  
  93  11:49  Archon  
  93  11:50  Archon  
  97  11:55  Mothership Core  
  99  12:09  Observer  
  99  12:11  Stalker x2  
  102  12:16  Adept x2  
  102  12:17  Adept  
  102  12:18  Adept  
  108  12:26  Adept x2  
  108  12:28  Probe  
  112  12:30  Probe x2  
  115  12:42  Probe  
  115  12:44  Zealot x2  
Tags
 
Add a new tag
Caveats
  • Supply blocks, unpowered buildings, or Contaminate may cause inaccurate times.
  • Supply counts are checked every 10 seconds.